[Event "Titled Tuesday Blitz July 11 Early 2023"]
[White "Gunina, Valentina"]
[Black "Kukreja Sankalp"]
[WhiteFideId "4167570"]
[BlackFideId "45027676"]
[WhiteElo "2745"]
[BlackElo "2446"]
[Result "0-1"]
[Round "1"]
[TimeControl "180+2"]
[Date "2023.07.11"]
[WhiteClock "0:00:35"]
[BlackClock "0:00:43"]
[Board "68"]

1. d4 d5 2. c4 c6 3. Nf3 Nf6 4. Nc3 dxc4 5. e4 b5 6. Be2 b4 7. e5 bxc3 8. exf6 cxb2 9. fxg7 bxa1=Q 10. gxh8=Q Qa5+ 11. Nd2 c3 12. O-O cxd2 13. Qxd2 Qxd2 14. Bxd2 Qxa2 15. Bh6 Qxe2 16. Qxf8+ Kd7 17. Qxf7 Ba6 18. Rc1 Qe6 19. Qxh7 Bc4 20. Bd2 Bd5 21. Re1 Qd6 22. Qd3 a5 23. h4 Na6 24. Bxa5 Nc7 25. Bxc7 Kxc7 26. g3 Ra3 27. Qh7 Rxg3+ 0-1


[Site "https://www.chess.com"]

[Event "Titled Tuesday Blitz July 11 Early 2023"]
[White "Luo, Terry"]
[Black "Papasimakopoulos, Alexandros"]
[WhiteFideId "30931045"]
[BlackFideId "4244125"]
[WhiteElo "2442"]
[BlackElo "2743"]
[Result "1-0"]
[Round "1"]
[TimeControl "180+2"]
[Date "2023.07.11"]
[WhiteClock "0:00:41"]
[BlackClock "0:00:17"]
[Board "69"]

1. d4 Nf6 2. Nc3 d5 3. Bf4 a6 4. e3 Bf5 5. Bd3 Bg6 6. Nf3 e6 7. Ne5 Nbd7 8. O-O Bd6 9. Ne2 Qe7 10. c4 c6 11. c5 Bb8 12. b4 Nxe5 13. Bxe5 Bxe5 14. dxe5 Nd7 15. f4 O-O 16. Nd4 Bxd3 17. Qxd3 f6 18. exf6 Rxf6 19. f5 Ne5 20. Qe2 exf5 21. Nxf5 Qe6 22. Nd6 Rxf1+ 23. Rxf1 b6 24. e4 d4 25. Qd2 d3 26. Qf4 a5 27. a3 axb4 28. axb4 bxc5 29. bxc5 h6 30. h3 Nc4 31. Nf5 d2 32. Qc7 Qe5 33. Qxc6 Ra1 34. Ne7+ Qxe7 35. Qd5+ Kh7 36. Rxa1 Qh4 37. Qf5+ g6 38. Qf7+ Kh8 39. Ra8+ Qd8 40. Rxd8# 1-0


[Site "https://www.chess.com"]

[Event "Titled Tuesday Blitz July 11 Early 2023"]
[White "Concio, Michael Jr."]
[Black "Omariev, Maksim"]
[WhiteFideId "5217873"]
[BlackFideId "4193423"]
[WhiteElo "2739"]
[BlackElo "2435"]
[Result "1-0"]
[Round "1"]
[TimeControl "180+2"]
[Date "2023.07.11"]
[WhiteClock "0:00:23"]
[BlackClock "0:00:01"]
[Board "70"]

1. e4 c5 2. Nc3 d6 3. g3 Nc6 4. Bg2 g6 5. d3 Bg7 6. Be3 e6 7. Qd2 h6 8. h3 Nge7 9. f4 b6 10. Nf3 d5 11. exd5 exd5 12. Bf2 O-O 13. O-O Be6 14. Rae1 Qd7 15. g4 Rfe8 16. Ne2 d4 17. Ng3 f5 18. g5 h5 19. Nh4 Bd5 20. Re2 Kf7 21. Rfe1 Bxg2 22. Kxg2 Nd5 23. Nf1 Rxe2 24. Rxe2 Re8 25. Rxe8 Qxe8 26. Bg3 Bf8 27. Nh2 Bd6 28. N2f3 Ncb4 29. c4 Ne3+ 30. Kf2 Nxa2 31. Ne5+ Bxe5 32. fxe5 Nb4 33. Bf4 Nbc2 34. Qe2 Qc6 35. Nf3 a5 36. Kg3 Ke6 37. Nh4 Kf7 38. Nf3 Ke6 39. Qf2 a4 40. Qg1 Qb5 41. cxb5 a3 42. bxa3 Nxa3 43. Qa1 Nxb5 44. Qa2+ Kd7 45. Qf7+ Kc6 46. e6 Nd6 47. Bxd6 Nf1+ 48. Kf2 Kxd6 49. Qd7# 1-0


[Site "https://www.chess.com"]

[Event "Titled Tuesday Blitz July 11 Early 2023"]
[White "Sztokbant, Bernardo Vainzoff"]
[Black "Jarovinsky, Alexey"]
[WhiteFideId "2115956"]
[BlackFideId "14115131"]
[WhiteElo "2434"]
[BlackElo "2735"]
[Result "0-1"]
[Round "1"]
[TimeControl "180+2"]
[Date "2023.07.11"]
[WhiteClock "0:00:33"]
[BlackClock "0:00:32"]
[Board "71"]

1. e4 Nc6 2. f4 d5 3. e5 d4 4. Bc4 Bf5 5. d3 e6 6. Nf3 Bb4+ 7. Nbd2 h6 8. O-O Bxd2 9. Bxd2 Nge7 10. Qe2 Nd5 11. Qf2 Nde7 12. Bb5 a6 13. Ba4 O-O 14. h3 b5 15. Bb3 Qd7 16. g4 Bh7 17. Qg3 a5 18. a3 a4 19. Ba2 Kh8 20. Rae1 Rab8 21. h4 b4 22. Bc4 bxa3 23. bxa3 Rb2 24. Rc1 Nd5 25. Rfe1 Nb6 26. Ba6 Nd5 27. h5 Ra8 28. Bc4 Nb6 29. g5 Nxc4 30. dxc4 Bxc2 31. Kh1 Ne7 32. Qg2 Nf5 33. Nh4 Ra6 34. Nxf5 exf5 35. Rg1 Be4 0-1


[Site "https://www.chess.com"]

[Event "Titled Tuesday Blitz July 11 Early 2023"]
[White "Bryakin, Mikhail"]
[Black "Lopez Gracia, Fernando"]
[WhiteFideId "4165314"]
[BlackFideId "2207184"]
[WhiteElo "2726"]
[BlackElo "2431"]
[Result "1-0"]
[Round "1"]
[TimeControl "180+2"]
[Date "2023.07.11"]
[WhiteClock "0:01:14"]
[BlackClock "0:00:04"]
[Board "72"]

1. e4 c5 2. d4 cxd4 3. Qxd4 Nc6 4. Qd3 d6 5. Nc3 Nf6 6. Nf3 g6 7. Be2 Bg7 8. O-O O-O 9. Nd5 Nd7 10. c3 Nc5 11. Qc2 e6 12. Ne3 Qc7 13. b4 Nd7 14. Bb2 Nde5 15. Nxe5 Nxe5 16. c4 Bd7 17. Rac1 Rac8 18. f4 Nc6 19. Bxg7 Kxg7 20. Rfd1 Kg8 21. a3 Qb6 22. c5 dxc5 23. bxc5 Qc7 24. e5 Ne7 25. h4 Rfd8 26. h5 b6 27. Ba6 Rb8 28. Ng4 Bc6 29. Nf6+ Kh8 30. Rd6 Nd5 31. hxg6 hxg6 32. Qf2 Kg7 33. cxb6 Qxb6 34. Qxb6 Rxb6 35. Rdxc6 Nxf4 36. Rxb6 axb6 37. Rc8 Rxc8 38. Bxc8 Nd3 39. Nd7 Kh6 40. Ba6 Nf4 41. Kf2 Kg5 42. Kf3 Kf5 43. g4+ Kg5 44. Nf6 Nh3 45. Ne4+ Kh4 46. Bf1 g5 47. Bxh3 Kxh3 48. Nxg5+ Kh4 49. Nxf7 1-0


[Site "https://www.chess.com"]

[Event "Titled Tuesday Blitz July 11 Early 2023"]
[White "Khromkin, Andrey"]
[Black "Weetik, Vjacheslav"]
[WhiteFideId "4154126"]
[BlackFideId "4153472"]
[WhiteElo "2431"]
[BlackElo "2726"]
[Result "1-0"]
[Round "1"]
[TimeControl "180+2"]
[Date "2023.07.11"]
[WhiteClock "0:00:46"]
[BlackClock "0:00:00"]
[Board "73"]

1. d4 Nf6 2. c4 e6 3. Nf3 Bb4+ 4. Bd2 Qe7 5. g3 Nc6 6. Bg2 Bxd2+ 7. Nbxd2 d6 8. Nf1 O-O 9. Ne3 Bd7 10. O-O Rad8 11. Rc1 Bc8 12. Qa4 a6 13. Rfd1 Rfe8 14. d5 Ne5 15. Nxe5 dxe5 16. dxe6 Qxe6 17. Nd5 Nxd5 18. cxd5 Qd6 19. Rd3 Re7 20. Rdc3 Bd7 21. Qc2 Bb5 22. Rxc7 Rxc7 23. Qxc7 Qxc7 24. Rxc7 Bxe2 25. Rxb7 f5 26. Ra7 e4 27. Bf1 Bxf1 28. Kxf1 Rxd5 29. Rxa6 Rd2 30. Rb6 g5 31. a4 f4 32. gxf4 gxf4 33. Ke1 Rc2 34. a5 f3 35. a6 Rc1+ 36. Kd2 Ra1 37. Ke3 1-0


[Site "https://www.chess.com"]

[Event "Titled Tuesday Blitz July 11 Early 2023"]
[White "Bykhovsky, Anatoly"]
[Black "Herman, Daniel"]
[WhiteFideId "2806991"]
[BlackFideId "30935008"]
[WhiteElo "2726"]
[BlackElo "2430"]
[Result "0-1"]
[Round "1"]
[TimeControl "180+2"]
[Date "2023.07.11"]
[WhiteClock "0:00:31"]
[BlackClock "0:00:50"]
[Board "74"]

1. d4 g6 2. e4 Bg7 3. Nc3 d6 4. f4 Nf6 5. Nf3 c5 6. dxc5 Qa5 7. Bd3 Qxc5 8. Qe2 O-O 9. Be3 Qa5 10. Bd2 Qb6 11. e5 dxe5 12. fxe5 Nh5 13. O-O-O Nc6 14. Nd5 Qc5 15. c4 Bg4 16. b4 Bxf3 17. gxf3 Qd4 18. Bc3 Qh4 19. b5 Nf4 20. Qe3 Nxd5 21. cxd5 Bh6 22. Qxh6 Qxh6+ 23. Bd2 Qh4 24. bxc6 bxc6 25. dxc6 Rac8 26. Be4 Rxc6+ 27. Bxc6 Qc4+ 28. Kb1 Rb8+ 29. Ka1 Qd4+ 0-1


[Site "https://www.chess.com"]

[Event "Titled Tuesday Blitz July 11 Early 2023"]
[White "Avila Jimenez, Xavier"]
[Black "Bauman_Guy"]
[WhiteFideId "2210533"]
[WhiteElo "2430"]
[BlackElo "2725"]
[Result "0-1"]
[Round "1"]
[TimeControl "180+2"]
[Date "2023.07.11"]
[WhiteClock "0:00:35"]
[BlackClock "0:01:43"]
[Board "75"]

1. d4 Nf6 2. c4 e6 3. Nc3 Bb4 4. f3 c5 5. d5 d6 6. e4 O-O 7. Bd2 a6 8. a4 Nbd7 9. Bd3 Ne5 10. Qc2 Re8 11. Nge2 exd5 12. Nxd5 Nxd5 13. cxd5 Qa5 14. Bxb4 Qxb4+ 15. Nc3 Qxb2 16. Ke2 Nxd3 17. Kxd3 Qb4 18. Rab1 Qd4+ 19. Ke2 f5 20. Rhd1 Qe5 21. Kf2 fxe4 22. Nxe4 Bf5 23. Rxb7 Rab8 24. Rxb8 Rxb8 25. Kg1 Rb2 26. Qc4 Bxe4 27. fxe4 Qg5 28. Qf1 h5 29. Rb1 Qe3+ 30. Kh1 Rf2 31. Qe1 Re2 32. Qf1 Qxe4 33. h3 Kh7 34. Rb3 Re1 0-1


[Site "https://www.chess.com"]

[Event "Titled Tuesday Blitz July 11 Early 2023"]
[White "Xu, Yi"]
[Black "Matveeva, Olga"]
[WhiteFideId "8605564"]
[BlackFideId "24107018"]
[WhiteElo "2724"]
[BlackElo "2427"]
[Result "1-0"]
[Round "1"]
[TimeControl "180+2"]
[Date "2023.07.11"]
[WhiteClock "0:02:16"]
[BlackClock "0:01:53"]
[Board "76"]

1. e4 c6 2. d4 d5 3. e5 c5 4. dxc5 e6 5. a3 Bxc5 6. Bd3 Bf8 7. Nf3 Ne7 8. O-O h5 9. Re1 h4 10. h3 g6 11. Bg5 Qc7 12. Bf6 Rh7 13. Nc3 Nf5 14. Ng5 Rh5 15. Bxf5 exf5 16. Nxd5 Qc6 17. Nf4 Rh6 18. Qd8# 1-0


[Site "https://www.chess.com"]

[Event "Titled Tuesday Blitz July 11 Early 2023"]
[White "Mazurkiewicz, Michal"]
[Black "Kumsiashvili, Nikoloz"]
[WhiteFideId "1124943"]
[BlackFideId "13600621"]
[WhiteElo "2426"]
[BlackElo "2718"]
[Result "0-1"]
[Round "1"]
[TimeControl "180+2"]
[Date "2023.07.11"]
[WhiteClock "0:00:00"]
[BlackClock "0:00:39"]
[Board "77"]

1. e4 c5 2. Nf3 e6 3. d3 Nc6 4. g3 g6 5. Bg2 Bg7 6. O-O Nge7 7. Re1 d6 8. c3 O-O 9. d4 cxd4 10. cxd4 e5 11. d5 Nd4 12. Nxd4 exd4 13. Nd2 f5 14. Nb3 fxe4 15. Bxe4 Qb6 16. Bd2 a5 17. a4 Bh3 18. Bd3 Kh8 19. Rxe7 Rae8 20. Rxg7 Kxg7 21. Nxd4 Rxf2 22. Bc3 Rf7 23. Kh1 Kg8 24. Qc2 Qc5 25. Qb3 Re3 26. Bc4 Rc7 27. Bf1 Bxf1 28. Rxf1 Qxd4 29. Qb5 Qe4+ 30. Kg1 Re2 31. Rf2 Rxf2 32. Kxf2 Rf7+ 33. Kg1 Qb1+ 34. Kg2 Qe4+ 35. Kg1 h5 0-1


[Site "https://www.chess.com"]

[Event "Titled Tuesday Blitz July 11 Early 2023"]
[White "Nazari, Arad"]
[Black "Nikologorsky, Matfei"]
[WhiteFideId "12577324"]
[BlackFideId "24102474"]
[WhiteElo "2714"]
[BlackElo "2426"]
[Result "1-0"]
[Round "1"]
[TimeControl "180+2"]
[Date "2023.07.11"]
[WhiteClock "0:00:19"]
[BlackClock "0:00:00"]
[Board "78"]

1. e4 c5 2. Nf3 e6 3. d4 cxd4 4. Nxd4 a6 5. Bd3 Qc7 6. O-O Nf6 7. c4 Nc6 8. Nxc6 dxc6 9. Qe2 e5 10. Bg5 Be7 11. Nc3 h6 12. Bxf6 Bxf6 13. c5 Be6 14. Bc4 Qe7 15. Na4 O-O 16. Rad1 Rad8 17. b3 Bg5 18. g3 Bh3 19. Rxd8 Rxd8 20. Rd1 g6 21. Rxd8+ Qxd8 22. Qd3 Qxd3 23. Bxd3 Kf8 24. Nb2 Be7 25. b4 Be6 26. Bc4 Bc8 27. Bb3 Kg7 28. Nc4 f6 29. f3 Be6 30. Na5 Bc8 31. Kf2 f5 32. Nc4 Kf6 33. Nb6 Be6 34. Bxe6 Kxe6 35. Ke2 Bd8 36. Nc4 Bc7 37. a3 g5 38. Ne3 fxe4 39. fxe4 h5 40. Nf5 Kf6 41. h3 Bb8 42. Kf3 Bc7 43. Ke3 a5 44. Kd3 axb4 45. axb4 b6 46. cxb6 Bxb6 47. g4 hxg4 48. hxg4 Ke6 49. Kc4 Bf2 50. Ng7+ Ke7 51. Kd3 Bb6 52. Nf5+ Ke6 53. Kc4 Bf2 54. Kb3 Bg1 55. Ka4 Kd7 56. Ka5 Kc7 57. Ng7 Be3 58. Ka6 c5 59. bxc5 Bxc5 60. Ne6+ Kd6 61. Nxg5 1-0


[Site "https://www.chess.com"]

[Event "Titled Tuesday Blitz July 11 Early 2023"]
[White "Pein, Jonathan"]
[Black "Timmermans, Mark"]
[WhiteFideId "417092"]
[BlackFideId "1026399"]
[WhiteElo "2423"]
[BlackElo "2710"]
[Result "1-0"]
[Round "1"]
[TimeControl "180+2"]
[Date "2023.07.11"]
[WhiteClock "0:00:07"]
[BlackClock "0:01:33"]
[Board "79"]

1. e4 e5 2. Nf3 Nc6 3. Nc3 Nf6 4. g3 d5 5. exd5 Nxd5 6. Bg2 Nxc3 7. bxc3 Bd6 8. O-O O-O 9. Rb1 Rb8 10. Re1 Bg4 11. h3 Bh5 12. d4 Re8 13. g4 Bg6 14. dxe5 Nxe5 15. Nxe5 Rxe5 16. Rxe5 Bxe5 17. Qxd8+ Rxd8 18. f4 Bxc2 19. Rxb7 Bd6 20. Be3 a5 21. c4 Re8 22. Kf2 g5 23. fxg5 Bg3+ 24. Kxg3 Rxe3+ 25. Kf2 Ra3 26. Rxc7 Rxa2 27. Ke3 Bg6 28. Bd5 Ra3+ 29. Kf4 Rxh3 30. Ke5 Kg7 31. c5 a4 32. c6 a3 33. Ra7 Rc3 34. Kd4 Rd3+ 35. Kc5 a2 36. Rxa2 Rc3+ 37. Kd6 h6 38. gxh6+ Kxh6 39. Ra7 Kg5 40. c7 Kxg4 41. Ra4+ Kg5 42. Rc4 Rxc4 43. Bxc4 Bf5 44. Bxf7 Kf6 45. Be8 Bc8 46. Bd7 Ba6 47. Kc6 Ke7 48. Bh3 Ke8 49. Kb6 1-0


[Site "https://www.chess.com"]

[Event "Titled Tuesday Blitz July 11 Early 2023"]
[White "Amilal Munkhdalai"]
[Black "Avazkhonov, Alikhon"]
[WhiteFideId "4903250"]
[BlackFideId "14208504"]
[WhiteElo "2709"]
[BlackElo "2422"]
[Result "0-1"]
[Round "1"]
[TimeControl "180+2"]
[Date "2023.07.11"]
[WhiteClock "0:00:27"]
[BlackClock "0:00:18"]
[Board "80"]

1. e4 c5 2. Nf3 d6 3. d4 cxd4 4. Nxd4 Nf6 5. f3 e5 6. Nb3 Be6 7. c4 Nbd7 8. Nc3 Rc8 9. Nd5 Nb6 10. Nd2 Nh5 11. g3 g6 12. Bd3 Bg7 13. O-O O-O 14. Qe2 Nd7 15. b3 Nc5 16. Nb1 b5 17. cxb5 Bxd5 18. exd5 e4 19. Bxe4 Bxa1 20. Nd2 f5 21. Bc2 Re8 22. Qf2 Qf6 23. Kh1 Bd4 24. Qg2 Re7 25. f4 Rce8 26. Bd1 Re1 27. Nf3 Rxf1+ 28. Qxf1 Be3 29. Qe2 Qe7 30. Bb2 Ne4 31. Kg2 Bb6 32. Ba1 Nef6 33. Ne5 dxe5 34. fxe5 Nxd5 35. Qc4 Qe6 36. Kh1 Rc8 37. Qd3 Nb4 38. Qd2 Qd5+ 39. Qxd5+ Nxd5 40. e6 Ne7 41. Bxh5 Rc1+ 0-1


[Site "https://www.chess.com"]

[Event "Titled Tuesday Blitz July 11 Early 2023"]
[White "JonSnowNW1"]
[Black "Matinian, Nikita"]
[BlackFideId "24129100"]
[WhiteElo "2421"]
[BlackElo "2708"]
[Result "1/2-1/2"]
[Round "1"]
[TimeControl "180+2"]
[Date "2023.07.11"]
[WhiteClock "0:00:17"]
[BlackClock "0:01:12"]
[Board "81"]

1. c4 e5 2. Nc3 Nf6 3. g3 Bb4 4. e4 Bxc3 5. dxc3 d6 6. f3 a5 7. Nh3 Nbd7 8. Nf2 Nc5 9. Be3 O-O 10. Bxc5 dxc5 11. Qxd8 Rxd8 12. Nd3 b6 13. Nxe5 Bb7 14. Be2 Re8 15. Nd3 Rad8 16. Nf4 g5 17. Nd5 Bxd5 18. exd5 Re7 19. Kf2 Ne8 20. Rae1 Nd6 21. Bd3 Rde8 22. Rxe7 Rxe7 23. Re1 Rxe1 24. Kxe1 f5 25. Kf2 Kf7 26. b3 Kf6 27. Ke3 h5 28. h4 f4+ 29. Kf2 fxg3+ 30. Kxg3 Nf5+ 31. Bxf5 Kxf5 32. a3 a4 33. bxa4 gxh4+ 34. Kxh4 Kf4 35. Kxh5 Kxf3 36. Kg6 Ke3 37. Kf7 Kd3 38. Ke7 Kxc3 39. Kd7 Kxc4 40. Kxc7 Kxd5 41. Kxb6 c4 42. a5 c3 43. a6 c2 44. a7 c1=Q 45. a8=Q+ Kd6 46. Qd8+ Ke6 47. Qe8+ Kd6 48. Qf8+ Ke6 49. Qg8+ Kd6 50. Qg6+ Kd7 51. Qf7+ Kd6 52. Qf8+ Ke6 53. Qc5 Qb2+ 54. Qb5 Qf2+ 55. Kb7 Qf7+ 56. Kb6 Qf2+ 57. Qc5 Qb2+ 58. Kc7 Qh2+ 59. Kb6 Qb2+ 1/2-1/2


[Site "https://www.chess.com"]

[Event "Titled Tuesday Blitz July 11 Early 2023"]
[White "djokovic74"]
[Black "KorolDimitriy75"]
[WhiteElo "2708"]
[BlackElo "2420"]
[Result "0-1"]
[Round "1"]
[TimeControl "180+2"]
[Date "2023.07.11"]
[WhiteClock "0:00:17"]
[BlackClock "0:00:06"]
[Board "82"]

1. e4 c5 2. Nf3 d6 3. d4 cxd4 4. Nxd4 Nf6 5. Nc3 g6 6. Be3 Bg7 7. f3 O-O 8. Qd2 Nc6 9. O-O-O d5 10. Qe1 e5 11. Nxc6 bxc6 12. exd5 cxd5 13. Bc4 d4 14. Bg5 Qc7 15. Nd5 Nxd5 16. Bxd5 Rb8 17. Bb3 Qb6 18. g4 a5 19. a4 Be6 20. Rd3 Rfc8 21. Kb1 Rxc2 22. Kxc2 Bxb3+ 23. Kd2 Bc4 24. Qc1 Qb4+ 25. Ke2 Qxb2+ 26. Bd2 Qb3 27. Bc3 Qxc3 28. Qxc3 dxc3 29. Ke3 Bh6+ 30. Ke4 Bxd3+ 31. Kxd3 Bd2 32. h4 Rb4 33. h5 Rxa4 34. hxg6 hxg6 35. Rb1 Rb4 36. Ra1 a4 37. Ra3 Kg7 38. Ra1 f5 39. gxf5 gxf5 40. Rg1+ Kf6 41. Kc2 e4 42. fxe4 fxe4 43. Rg8 Rb2+ 44. Kd1 Bf4 45. Rf8+ Ke5 46. Re8+ Kf5 47. Rf8+ Kg4 48. Rg8+ Kf3 49. Rc8 c2+ 50. Rxc2 Rxc2 51. Kxc2 e3 52. Kc3 0-1


[Site "https://www.chess.com"]

[Event "Titled Tuesday Blitz July 11 Early 2023"]
[White "Yurasova, Daria"]
[Black "Goryachkina, Aleksandra"]
[WhiteFideId "34146919"]
[BlackFideId "4147103"]
[WhiteElo "2419"]
[BlackElo "2707"]
[Result "0-1"]
[Round "1"]
[TimeControl "180+2"]
[Date "2023.07.11"]
[WhiteClock "0:00:01"]
[BlackClock "0:00:13"]
[Board "83"]

1. e4 c5 2. Nf3 e6 3. d3 Nc6 4. Be2 Nf6 5. O-O d6 6. c3 Be7 7. Nbd2 O-O 8. Re1 b6 9. a3 Bb7 10. b4 h6 11. Bb2 Rc8 12. Rc1 a5 13. b5 Nb8 14. a4 Nbd7 15. Bf1 Re8 16. d4 Bf8 17. Qb3 Qc7 18. e5 Nd5 19. c4 Nb4 20. Qe3 d5 21. Qf4 Qb8 22. Qg3 cxd4 23. Nxd4 Nc5 24. Ra1 Red8 25. Bc3 Ne4 26. Nxe4 dxe4 27. Bxb4 Bxb4 28. Red1 Qc7 29. Rac1 Qe7 30. Qe3 Bc5 31. Qc3 Qg5 32. Nb3 Bb4 33. Qe3 Qxe3 34. fxe3 Kf8 35. Nd4 Ke7 36. Nc2 Bc5 37. Nd4 f6 38. exf6+ gxf6 39. Kf2 e5 40. Nb3 Bb4 41. Be2 f5 42. g3 Ke6 43. Rxd8 Rxd8 44. Rd1 Rxd1 45. Bxd1 Kd6 46. Ke2 Bc8 47. Bc2 Be6 48. Nd2 Bxd2 49. Kxd2 Bxc4 50. g4 fxg4 51. Bxe4 h5 52. Bc2 h4 53. Ke1 Kc5 54. Kf2 Be6 55. Kg2 Kb4 56. Bd1 Kc3 57. Kf2 Kd2 58. Be2 g3+ 59. hxg3 hxg3+ 60. Kf3 g2 0-1


[Site "https://www.chess.com"]

[Event "Titled Tuesday Blitz July 11 Early 2023"]
[White "De La Villa Garcia, Jesus Maria"]
[Black "Melikhov, Evgeny V."]
[WhiteFideId "2200040"]
[BlackFideId "4122046"]
[WhiteElo "2707"]
[BlackElo "2417"]
[Result "1-0"]
[Round "1"]
[TimeControl "180+2"]
[Date "2023.07.11"]
[WhiteClock "0:01:38"]
[BlackClock "0:00:10"]
[Board "84"]

1. e4 e5 2. Bc4 Nf6 3. d4 exd4 4. Nf3 Nc6 5. e5 d5 6. Bb5 Ne4 7. Nxd4 Bd7 8. Bxc6 bxc6 9. O-O c5 10. Nb3 Bc6 11. Na5 Bb5 12. c4 dxc4 13. Qf3 Qd3 14. Be3 O-O-O 15. Na3 c3 16. bxc3 Nxc3 17. Qb7+ Kd7 18. Nxb5 Qxb5 19. Rfd1+ Nxd1 20. Qxb5+ 1-0


[Site "https://www.chess.com"]

[Event "Titled Tuesday Blitz July 11 Early 2023"]
[White "Szyszylo, Rafal"]
[Black "Wagner, Dennis"]
[WhiteFideId "1109626"]
[BlackFideId "24650684"]
[WhiteElo "2416"]
[BlackElo "2703"]
[Result "0-1"]
[Round "1"]
[TimeControl "180+2"]
[Date "2023.07.11"]
[WhiteClock "0:00:00"]
[BlackClock "0:01:16"]
[Board "85"]

1. e4 c5 2. Nc3 d6 3. f4 g6 4. Nf3 Bg7 5. Bb5+ Bd7 6. Bxd7+ Qxd7 7. d3 Nc6 8. O-O e6 9. Qe1 Nge7 10. Qh4 Nd4 11. Nxd4 cxd4 12. Nd1 Rc8 13. Rf2 f5 14. exf5 Nxf5 15. Qg4 O-O 16. Re2 Rc6 17. Qf3 Rfc8 18. Qf2 d5 19. g4 Nd6 20. b3 Qc7 21. Ba3 Nb5 22. Bb4 Rxc2 23. a4 Rc1 24. Rxc1 Qxc1 25. axb5 Qxd1+ 26. Kg2 Qxb3 27. Bd6 Qxd3 28. Rxe6 Rc2 29. Re8+ Kf7 30. Re7+ Kf6 31. g5+ Kf5 32. Rf7+ Ke6 33. Rxg7 Rxf2+ 34. Kxf2 Kxd6 35. Rxb7 Qe3+ 36. Kg2 d3 37. Rxh7 d2 38. Rg7 Qe4+ 39. Kg3 d1=Q 40. Rxg6+ Qxg6 0-1


[Site "https://www.chess.com"]

[Event "Titled Tuesday Blitz July 11 Early 2023"]
[White "Dimitrov, Atanas"]
[Black "Srebrnic, Marko"]
[WhiteFideId "2901315"]
[BlackFideId "14603616"]
[WhiteElo "2702"]
[BlackElo "2415"]
[Result "1-0"]
[Round "1"]
[TimeControl "180+2"]
[Date "2023.07.11"]
[WhiteClock "0:00:08"]
[BlackClock "0:00:00"]
[Board "86"]

1. e4 c5 2. Nc3 a6 3. a4 Nc6 4. Nf3 e5 5. Bc4 Be7 6. O-O Nf6 7. d3 O-O 8. Nd5 Ne8 9. c3 d6 10. h3 Be6 11. Be3 Rb8 12. Qd2 b5 13. axb5 axb5 14. Nxe7+ Qxe7 15. Bxe6 Qxe6 16. Ra6 Qd7 17. d4 Nc7 18. Ra2 cxd4 19. cxd4 Rfe8 20. dxe5 Nxe5 21. Nxe5 Rxe5 22. Ra7 Rxe4 23. b3 Re7 24. Rc1 Qd8 25. Bg5 f6 26. Bf4 Ne6 27. Rxe7 Qxe7 28. Bxd6 Rd8 29. Rd1 Qb7 30. Qe3 Kf7 31. Rd2 Qc6 32. Ba3 Rxd2 33. Qxd2 g6 34. Qh6 Kg8 35. Qe3 Qd5 36. Bb2 f5 37. g3 f4 38. Qc3 1-0


[Site "https://www.chess.com"]

[Event "Titled Tuesday Blitz July 11 Early 2023"]
[White "Estrada Nieto, Julian"]
[Black "Jaracz, Pawel"]
[WhiteFideId "5101018"]
[BlackFideId "1102222"]
[WhiteElo "2415"]
[BlackElo "2702"]
[Result "0-1"]
[Round "1"]
[TimeControl "180+2"]
[Date "2023.07.11"]
[WhiteClock "0:00:30"]
[BlackClock "0:00:52"]
[Board "87"]

1. e4 d6 2. d4 Nf6 3. Nc3 e5 4. Nf3 Nbd7 5. Bc4 Be7 6. O-O O-O 7. Re1 c6 8. a4 h6 9. b3 Re8 10. Bb2 Qc7 11. Bd3 b6 12. Ne2 exd4 13. Nexd4 Nc5 14. Nf5 Bxf5 15. exf5 d5 16. Be5 Qb7 17. h3 Ncd7 18. Bb2 Bb4 19. c3 Bd6 20. Nh2 Rxe1+ 21. Qxe1 Re8 22. Qd1 Nc5 23. Bc2 Be5 24. Ng4 Nxg4 25. Qxg4 Qe7 26. g3 Qf6 27. Qf3 d4 28. Re1 Rd8 29. Rxe5 Qxe5 30. cxd4 Qf6 31. Bc3 Nd7 32. d5 Ne5 33. Bxe5 Qxe5 34. dxc6 Qc5 35. Bd3 Qc3 36. Ba6 Qxf3 0-1


[Site "https://www.chess.com"]

[Event "Titled Tuesday Blitz July 11 Early 2023"]
[White "Petrosian, Karlen"]
[Black "Tanmay Jain"]
[WhiteFideId "4176146"]
[BlackFideId "45015481"]
[WhiteElo "2700"]
[BlackElo "2413"]
[Result "1-0"]
[Round "1"]
[TimeControl "180+2"]
[Date "2023.07.11"]
[WhiteClock "0:01:17"]
[BlackClock "0:00:27"]
[Board "88"]

1. e4 c5 2. c3 d6 3. d4 cxd4 4. cxd4 g6 5. Nc3 Bg7 6. Nf3 Nd7 7. Be2 Ngf6 8. O-O O-O 9. h3 b6 10. e5 Ne8 11. Bf4 Bb7 12. Re1 d5 13. Qd2 Nc7 14. Bh6 Ne6 15. Bd3 Rc8 16. Rad1 a6 17. h4 b5 18. h5 Nb6 19. Bxg7 Kxg7 20. Ng5 Nxg5 21. Qxg5 f6 22. Qg3 f5 23. Ne2 e6 24. Nf4 Qe8 25. hxg6 hxg6 26. Qg5 Nd7 27. Re3 Rh8 28. Rg3 Nf8 29. Nh5+ Kf7 30. Qf6+ 1-0


[Site "https://www.chess.com"]

[Event "Titled Tuesday Blitz July 11 Early 2023"]
[White "Kielinkei"]
[Black "Timerkhanov, Alexander"]
[BlackFideId "24177938"]
[WhiteElo "2411"]
[BlackElo "2695"]
[Result "0-1"]
[Round "1"]
[TimeControl "180+2"]
[Date "2023.07.11"]
[WhiteClock "0:00:05"]
[BlackClock "0:00:46"]
[Board "89"]

1. Nf3 d5 2. g3 Bg4 3. Bg2 e6 4. d4 c6 5. O-O Nd7 6. h3 Bh5 7. c4 Ngf6 8. Qb3 Qb6 9. c5 Qxb3 10. axb3 a6 11. Nc3 Ne4 12. g4 Bg6 13. Bf4 f6 14. b4 h5 15. e3 hxg4 16. hxg4 Rc8 17. Nxe4 Bxe4 18. Nd2 Bd3 19. Rfe1 e5 20. Bg3 Kf7 21. e4 dxe4 22. dxe5 Nxe5 23. Bxe5 fxe5 24. Bxe4 Bb5 25. Nf3 Be7 26. Nxe5+ Kf6 27. Bf5 Rce8 28. Nd7+ Kg5 29. Kg2 Bc4 30. Kg3 g6 31. f4+ Kh6 32. Bc2 Kg7 33. Ne5 Bh4+ 34. Kg2 Bd5+ 35. Be4 Bxe1 36. Rxe1 Bxe4+ 37. Rxe4 Re7 38. Rd4 g5 39. Kg3 gxf4+ 40. Kxf4 Rf8+ 41. Ke4 Rfe8 0-1


[Site "https://www.chess.com"]

[Event "Titled Tuesday Blitz July 11 Early 2023"]
[White "Oleksiyenko, Mykhaylo"]
[Black "Glavina, Pablo"]
[WhiteFideId "4152417"]
[BlackFideId "100234"]
[WhiteElo "2690"]
[BlackElo "2409"]
[Result "1-0"]
[Round "1"]
[TimeControl "180+2"]
[Date "2023.07.11"]
[WhiteClock "0:01:59"]
[BlackClock "0:00:30"]
[Board "90"]

1. e4 e5 2. Nf3 Nc6 3. Bb5 a6 4. Bxc6 dxc6 5. O-O Bg4 6. h3 h5 7. d3 Qf6 8. Nbd2 g5 9. Nc4 Bxf3 10. Qxf3 Qxf3 11. gxf3 f6 12. Be3 O-O-O 13. Rfd1 Ne7 14. d4 Ng6 15. dxe5 Nxe5 16. Rxd8+ Kxd8 17. Nxe5 fxe5 18. Bxg5+ Be7 19. Rd1+ Ke8 20. Bxe7 Kxe7 21. f4 exf4 22. Kg2 Ke6 23. Kf3 Rf8 24. Rd3 c5 25. Rd5 b6 26. Rxh5 Kd6 27. Rd5+ Kc6 28. h4 Rh8 29. h5 Rf8 30. h6 Rh8 31. Rh5 Kd6 32. Kxf4 Ke6 33. h7 Kf7 34. Kf5 Kg7 35. e5 b5 36. e6 c6 37. Ke5 c4 38. f4 b4 39. f5 a5 40. f6+ Kg6 41. Rh1 a4 42. Rg1+ Kxh7 43. Rh1+ Kg8 44. f7+ Kg7 45. Rxh8 Kxh8 46. f8=Q+ Kh7 47. Qf6 c3 48. e7 b3 49. e8=Q c5 50. Qeg6# 1-0


[Site "https://www.chess.com"]